General information
- name: BNet
- type: Ladder team game (AT/RT)
- host: Battle.net
- saver: BMRIGHTCLICK
map: GolemsInTheMist
- players: 8
- length: 21:45
- speed: Fast
- version: 1.24 W3XP
- replay type: Public
» download(179 KB)
Players
team 1 (winner)
BMRIGHTCLICK (
yellow | 116 APM | 2526 actions | 21:45)
5 Archmage
3 Summon Water Elemental
2 Brilliance Aura
4 Mountain King
2 Storm Bolt
2 Thunder Clap
3 Paladin
2 Holy Light
1 Divine Shield
» actions
| Assign group hotkey | 74 | |
| Basic commands | 147 | |
| Build / train | 109 | |
| ESC pressed | 3 | |
| Enter build submenu | 33 | |
| Enter hero's abilities submenu | 12 | |
| Give item / drop item | 2 | |
| Right click | 768 | |
| Select / deselect | 301 | |
| Select group hotkey | 999 | |
| Use ability | 78 | |
2526 total
» units
| Peasant | 22 | |
| Footman | 7 | |
| Sorceress | 3 | |
| Priest | 4 | |
| Spell Breaker | 4 | |
| Mortar Team | 2 | |
| Flying Machine | 11 | |
| Knight | 2 | |
| Goblin Shredder | 1 | |
56 total
» upgrades
| Lumber Harvesting | 1 | |
| Plating | 2 | |
| Swords | 1 | |
| Gunpowder | 1 | |
| Animal War Training | 1 | |
| Flak Cannons | 1 | |
| Sorceress Training | 2 | |
| Priest Training | 2 | |
| Flying Machine Bombs | 1 | |
| Fragmentation Shards | 1 | |
13 total
» buildings
| Altar of Kings | 1 | |
| Farm | 11 | |
| Barracks | 1 | |
| Lumber Mill | 1 | |
| Arcane Vault | 1 | |
| Keep | 3 | |
| Scout Tower | 12 | |
| Town Hall | 2 | |
| Arcane Tower | 1 | |
| Guard Tower | 8 | |
| Arcane Sanctum | 2 | |
| Blacksmith | 1 | |
| Workshop | 2 | |
| Castle | 2 | |
48 total
» build order
00:05 Altar of Kings
00:18 Farm
00:26 Barracks
00:52 Farm
01:18 Lumber Mill
01:35 Farm
04:20 Arcane Vault
04:26 Farm
04:33 Keep
04:33 Keep
04:55 Farm
05:34 Scout Tower
05:36 Scout Tower
05:36 Scout Tower
05:44 Scout Tower
05:46 Scout Tower
05:51 Town Hall
06:13 Arcane Tower
06:15 Guard Tower
06:17 Scout Tower
06:20 Guard Tower
06:20 Guard Tower
06:30 Scout Tower
06:35 Town Hall
06:40 Guard Tower
06:55 Guard Tower
07:39 Arcane Sanctum
08:05 Arcane Sanctum
09:01 Blacksmith
09:14 Guard Tower
10:18 Workshop
10:43 Farm
10:44 Castle
11:15 Workshop
11:20 Farm
11:54 Farm
13:21 Farm
13:24 Farm
18:07 Farm
20:15 Scout Tower
20:16 Scout Tower
20:16 Scout Tower
20:17 Scout Tower
20:17 Scout Tower
20:49 Guard Tower
» items
| Scroll of Town Portal | 5 | |
| Potion of Healing | 1 | |
| Staff of Sanctuary | 1 | |
7 total
alienbrain (
red | 67 APM | 1457 actions | 21:43)
3 Blademaster
2 Wind Walk
1 Critical Strike
2 Tauren Chieftain
1 Endurance Aura
1 Shockwave
» actions
| Assign group hotkey | 17 | |
| Basic commands | 12 | |
| Build / train | 61 | |
| ESC pressed | 8 | |
| Enter build submenu | 33 | |
| Enter hero's abilities submenu | 5 | |
| Give item / drop item | 3 | |
| Right click | 586 | |
| Select / deselect | 290 | |
| Select group hotkey | 353 | |
| Use ability | 89 | |
1457 total
» units
» upgrades
| Shaman Training | 2 | |
| Ranged Weapons | 1 | |
| Armor | 1 | |
| Envenomed Spears | 1 | |
5 total
» buildings
| War Mill | 2 | |
| Altar of Storms | 1 | |
| Orc Burrow | 6 | |
| Voodoo Lounge | 2 | |
| Stronghold | 1 | |
| Watch Tower | 18 | |
| Beastiary | 2 | |
| Spirit Lodge | 1 | |
| Fortress | 1 | |
| Great Hall | 1 | |
35 total
» build order
00:14 War Mill
00:30 Altar of Storms
00:44 Orc Burrow
01:29 Voodoo Lounge
02:23 Orc Burrow
04:06 Stronghold
04:11 Watch Tower
04:15 Watch Tower
04:18 Watch Tower
04:48 Watch Tower
04:50 Watch Tower
04:53 Watch Tower
04:58 Watch Tower
05:00 Watch Tower
05:11 Watch Tower
05:16 Watch Tower
05:21 Watch Tower
05:49 Watch Tower
05:54 Watch Tower
06:58 Beastiary
07:01 Beastiary
07:42 Spirit Lodge
07:46 Orc Burrow
07:55 Orc Burrow
09:27 Fortress
09:35 War Mill
10:00 Orc Burrow
13:29 Orc Burrow
19:23 Watch Tower
19:26 Watch Tower
19:28 Watch Tower
20:00 Great Hall
20:46 Watch Tower
20:50 Watch Tower
21:40 Voodoo Lounge
» items
| Healing Salve | 7 | |
| Lesser Clarity Potion | 5 | |
| Scroll of Speed | 3 | |
| Orb of Lightning | 2 | |
| Potion of Healing | 1 | |
| Scroll of Regeneration | 2 | |
20 total

»
hunterx_x (
orange | 39 APM | 842 actions | 21:43)
5 Death Knight
3 Unholy Aura
2 Death Coil
» actions
| Build / train | 62 | |
| Enter build submenu | 22 | |
| Enter hero's abilities submenu | 5 | |
| Give item / drop item | 1 | |
| Remove unit from queue | 1 | |
| Right click | 402 | |
| Select / deselect | 314 | |
| Use ability | 34 | |
842 total
» units
| Acolyte | 8 | |
| Ghoul | 6 | |
| Crypt Fiend | 12 | |
| Goblin Zeppelin | 1 | |
| Abomination | 11 | |
38 total
» upgrades
| Creature Attack | 2 | |
| Web | 1 | |
| Disease Cloud | 1 | |
| Unholy Armor | 2 | |
6 total
» buildings
| Altar of Darkness | 1 | |
| Ziggurat | 9 | |
| Crypt | 1 | |
| Nerubian Tower | 2 | |
| Tomb of Relics | 1 | |
| Graveyard | 1 | |
| Halls of the Dead | 1 | |
| Black Citadel | 3 | |
| Slaughterhouse | 1 | |
20 total
» build order
00:09 Altar of Darkness
00:12 Ziggurat
00:19 Crypt
01:09 Nerubian Tower
01:44 Tomb of Relics
02:02 Graveyard
02:29 Ziggurat
03:19 Ziggurat
04:15 Halls of the Dead
06:36 Black Citadel
06:37 Black Citadel
06:43 Slaughterhouse
07:21 Ziggurat
07:25 Ziggurat
09:52 Nerubian Tower
14:56 Ziggurat
17:21 Ziggurat
17:23 Ziggurat
20:50 Ziggurat
» items
| Rod of Necromancy | 1 | |
| Dust of Appearance | 1 | |
| Potion of Healing | 3 | |
5 total
mbwalker (
blue | 31 APM | 680 actions | 21:43)
6 Demon Hunter
3 Mana Burn
2 Evasion
1 Metamorphosis
» actions
| Assign group hotkey | 4 | |
| Basic commands | 16 | |
| Build / train | 59 | |
| Enter build submenu | 18 | |
| Enter hero's abilities submenu | 6 | |
| Right click | 357 | |
| Select / deselect | 180 | |
| Select group hotkey | 2 | |
| Use ability | 38 | |
680 total
» units
| Wisp | 17 | |
| Archer | 11 | |
| Goblin Zeppelin | 1 | |
| Hippogryph | 12 | |
| Chimaera | 4 | |
45 total
» upgrades
| Strength of the Wild | 2 | |
| Reinforced Hides | 2 | |
| Corrosive Breath | 1 | |
5 total
» buildings
| Altar of Elders | 1 | |
| Moon Well | 8 | |
| Ancient of War | 1 | |
| Tree of Ages | 1 | |
| Tree of Life | 1 | |
| Tree of Eternity | 1 | |
| Ancient of Wind | 1 | |
| Hunter's Hall | 1 | |
| Chimaera Roost | 3 | |
| Ancient of Wonders | 1 | |
19 total
» build order
00:13 Altar of Elders
00:16 Moon Well
00:57 Ancient of War
01:39 Moon Well
02:35 Moon Well
02:57 Moon Well
03:42 Moon Well
03:55 Moon Well
05:09 Moon Well
07:01 Tree of Ages
07:05 Moon Well
09:19 Tree of Life
10:01 Tree of Eternity
10:05 Ancient of Wind
10:57 Hunter's Hall
12:33 Chimaera Roost
12:35 Chimaera Roost
12:41 Chimaera Roost
15:37 Ancient of Wonders
team 2 (loser)
IEatMonit0rWipe (
pink | 162 APM | 3449 actions | 21:17)
5 Archmage
3 Summon Water Elemental
2 Brilliance Aura
» actions
| Assign group hotkey | 145 | |
| Basic commands | 305 | |
| Build / train | 79 | |
| ESC pressed | 4 | |
| Enter build submenu | 51 | |
| Enter hero's abilities submenu | 5 | |
| Right click | 1160 | |
| Select / deselect | 719 | |
| Select group hotkey | 830 | |
| Use ability | 151 | |
3449 total
» units
| Peasant | 19 | |
| Footman | 10 | |
| Sorceress | 2 | |
| Priest | 4 | |
| Rifleman | 5 | |
| Spell Breaker | 1 | |
| Gryphon Rider | 1 | |
42 total
» upgrades
| Masonry | 3 | |
| Magic Sentry | 1 | |
| Sorceress Training | 2 | |
| Priest Training | 2 | |
| Long Rifles | 1 | |
| Defend | 1 | |
| Gunpowder | 1 | |
| Swords | 1 | |
| Control Magic | 1 | |
13 total
» buildings
| Altar of Kings | 1 | |
| Farm | 24 | |
| Barracks | 1 | |
| Lumber Mill | 2 | |
| Scout Tower | 12 | |
| Arcane Tower | 4 | |
| Arcane Vault | 1 | |
| Keep | 1 | |
| Blacksmith | 2 | |
| Arcane Sanctum | 2 | |
| Town Hall | 2 | |
| Castle | 1 | |
| Guard Tower | 8 | |
| Gryphon Aviary | 2 | |
63 total
» build order
00:10 Altar of Kings
00:20 Farm
00:29 Farm
00:35 Barracks
00:41 Farm
01:12 Lumber Mill
02:02 Scout Tower
02:15 Scout Tower
02:28 Farm
02:30 Arcane Tower
02:58 Farm
04:01 Arcane Vault
04:02 Keep
04:12 Farm
04:36 Blacksmith
05:20 Farm
05:22 Farm
05:35 Farm
05:37 Farm
06:32 Arcane Sanctum
06:33 Arcane Sanctum
09:59 Farm
10:01 Farm
10:02 Farm
11:09 Town Hall
11:11 Farm
11:13 Farm
11:16 Lumber Mill
11:18 Farm
11:20 Blacksmith
11:25 Castle
12:11 Scout Tower
12:12 Scout Tower
12:13 Scout Tower
12:14 Scout Tower
12:15 Scout Tower
12:43 Guard Tower
12:58 Scout Tower
13:00 Scout Tower
13:01 Scout Tower
13:04 Scout Tower
13:39 Guard Tower
13:40 Guard Tower
13:49 Guard Tower
13:50 Arcane Tower
14:33 Guard Tower
14:45 Arcane Tower
15:00 Scout Tower
15:04 Guard Tower
16:33 Gryphon Aviary
18:17 Guard Tower
18:36 Gryphon Aviary
18:38 Farm
18:58 Farm
18:59 Farm
19:20 Farm
19:44 Farm
19:44 Farm
19:45 Farm
19:45 Farm
20:40 Town Hall
» items
| Scroll of Town Portal | 2 | |
| Scroll of Regeneration | 1 | |
| Potion of Healing | 1 | |
4 total
LongFornix (
green | 32 APM | 704 actions | 21:42)
4 Archmage
2 Summon Water Elemental
2 Brilliance Aura
» actions
| Assign group hotkey | 12 | |
| Build / train | 69 | |
| Enter build submenu | 33 | |
| Enter hero's abilities submenu | 4 | |
| Remove unit from queue | 16 | |
| Right click | 224 | |
| Select / deselect | 247 | |
| Select group hotkey | 41 | |
| Use ability | 58 | |
704 total
» units
| Peasant | 8 | |
| Footman | 4 | |
| Flying Machine | 12 | |
| Goblin Shredder | 1 | |
| Siege Engine | -1 | |
24 total
» upgrades
| Defend | 1 | |
| Swords | 0 | |
| Gunpowder | 2 | |
| Plating | 2 | |
| Lumber Harvesting | 2 | |
| Flak Cannons | 1 | |
| Flying Machine Bombs | 1 | |
| Masonry | 1 | |
| Barrage | 1 | |
11 total
» buildings
| Altar of Kings | 1 | |
| Barracks | 1 | |
| Farm | 11 | |
| Scout Tower | 6 | |
| Arcane Tower | 5 | |
| Keep | 1 | |
| Arcane Vault | 1 | |
| Blacksmith | 1 | |
| Lumber Mill | 1 | |
| Castle | 1 | |
| Workshop | 4 | |
| Town Hall | 2 | |
35 total
» build order
00:17 Altar of Kings
00:21 Barracks
00:31 Farm
01:24 Farm
02:09 Scout Tower
02:40 Farm
03:27 Arcane Tower
03:29 Scout Tower
04:07 Scout Tower
04:35 Keep
04:37 Arcane Tower
04:51 Scout Tower
04:59 Arcane Vault
05:23 Arcane Tower
05:26 Scout Tower
05:49 Farm
06:05 Arcane Tower
06:09 Scout Tower
06:37 Blacksmith
07:05 Lumber Mill
07:11 Arcane Tower
07:47 Castle
07:57 Workshop
08:35 Workshop
09:18 Workshop
10:06 Workshop
10:51 Farm
10:58 Farm
11:07 Farm
11:16 Town Hall
11:22 Farm
12:42 Farm
13:31 Farm
15:06 Farm
16:53 Town Hall
» items
| Scroll of Regeneration | 2 | |
| Orb of Fire | 1 | |
| Potion of Healing | 3 | |
6 total

»
Chris2010 (
teal | 27 APM | 586 actions | 21:31)
4 Mountain King
2 Storm Bolt
2 Bash
» actions
| Basic commands | 14 | |
| Build / train | 62 | |
| Enter build submenu | 23 | |
| Enter hero's abilities submenu | 4 | |
| Remove unit from queue | 3 | |
| Right click | 227 | |
| Select / deselect | 206 | |
| Use ability | 47 | |
586 total
» units
| Peasant | 9 | |
| Footman | 3 | |
| Rifleman | 13 | |
| Mortar Team | 6 | |
| Siege Engine | 2 | |
33 total
» upgrades
» buildings
| Barracks | 1 | |
| Farm | 11 | |
| Altar of Kings | 1 | |
| Lumber Mill | 1 | |
| Blacksmith | 1 | |
| Scout Tower | 1 | |
| Arcane Tower | 1 | |
| Keep | 1 | |
| Arcane Vault | 1 | |
| Castle | 7 | |
| Workshop | 2 | |
28 total
» build order
00:45 Barracks
00:51 Farm
00:58 Altar of Kings
01:32 Farm
01:40 Farm
02:15 Lumber Mill
02:21 Blacksmith
03:12 Farm
03:46 Farm
04:03 Scout Tower
04:51 Keep
04:56 Farm
04:58 Farm
06:42 Arcane Vault
06:46 Farm
07:13 Castle
07:14 Castle
07:21 Workshop
08:40 Workshop
11:14 Farm
18:02 Farm
20:06 Farm
» items
| Scroll of Regeneration | 2 | |
| Scroll of Town Portal | 2 | |
| Potion of Healing | 3 | |
7 total

»
LucKy.Mussy (
purple | 41 APM | 871 actions | 21:26)
3 Blademaster
2 Critical Strike
1 Wind Walk
» actions
| Assign group hotkey | 1 | |
| Basic commands | 12 | |
| Build / train | 51 | |
| Enter build submenu | 17 | |
| Enter hero's abilities submenu | 3 | |
| Remove unit from queue | 4 | |
| Right click | 534 | |
| Select / deselect | 198 | |
| Select group hotkey | 1 | |
| Use ability | 50 | |
871 total
» units
| Peon | 7 | |
| Grunt | 7 | |
| Tauren | 15 | |
| Spirit Walker | 3 | |
32 total
» upgrades
| Shaman Training | 1 | |
| Spirit Walker Training | 2 | |
| Pulverize | 1 | |
| Armor | 2 | |
| Melee Weapons | 1 | |
7 total
» buildings
| Altar of Storms | 1 | |
| Orc Burrow | 7 | |
| Barracks | 1 | |
| War Mill | 1 | |
| Stronghold | 1 | |
| Fortress | 1 | |
| Spirit Lodge | 1 | |
| Tauren Totem | 1 | |
14 total
» build order
00:05 Altar of Storms
00:24 Orc Burrow
01:17 Barracks
02:37 Orc Burrow
03:56 War Mill
04:08 Stronghold
06:22 Orc Burrow
06:52 Fortress
06:55 Spirit Lodge
09:02 Orc Burrow
10:57 Tauren Totem
15:18 Orc Burrow
17:16 Orc Burrow
18:18 Orc Burrow
» items
| Scroll of Regeneration | 1 | |
| Potion of Healing | 1 | |
2 total
Chat log
(00:10 / Allies) BMRIGHTCLICK: oh hells yes
(00:16 / Allies) BMRIGHTCLICK: fast expandning
(00:33 / Allies) mbwalker: unts?
(00:41 / Allies) BMRIGHTCLICK: feetmen to start
(00:49 / Allies) mbwalker: then?
(00:53 / Allies) BMRIGHTCLICK: idk
(00:54 / Allies) BMRIGHTCLICK: ill see
(01:21 / Allies) mbwalker: archers chims
(01:26 / Allies) mbwalker: i guess
(01:32 / Allies) hunterx_x: aa?
(01:53 / Allies) mbwalker: u want me to get hipps?
(02:49 / Allies) BMRIGHTCLICK: dont follow me
(02:51 / Allies) BMRIGHTCLICK: go harass
(03:00 / Allies) alienbrain: SHUT UP CHUMP
(03:12 / Allies) alienbrain: dudes gettin got
(03:46 / All) BMRIGHTCLICK: FUCK YOU COMMUNIST
(03:50 / All) IEatMonit0rWipe: sory
(04:07 / All) IEatMonit0rWipe: saw ur militia
(04:09 / All) IEatMonit0rWipe: when i scouted
(04:14 / All) BMRIGHTCLICK: cOMMIE
(05:16 / Allies) BMRIGHTCLICK: BLUE WTF ARE YOU DOING
(06:06 / All) BMRIGHTCLICK: STOP MICROING COMMUNIST
(06:16 / All) IEatMonit0rWipe: i post on the wgdf like u
(06:18 / All) IEatMonit0rWipe: im allowed to
(09:18 / All) alienbrain: HACKERS
(09:26 / All) IEatMonit0rWipe: uh huh
(10:12 / Allies) alienbrain: IMA SAVE U BRO
(11:50 / All) alienbrain: HACKER
(11:56 / All) IEatMonit0rWipe: why do you keep saying that
(11:57 / All) IEatMonit0rWipe: u play orc
(12:04 / All) alienbrain: REPORTED
(13:16 / Allies) mbwalker: neone needgold?
(13:21 / Allies) alienbrain: yes
(13:36 / Allies) alienbrain: U MUH AWG
(13:37 / Allies) alienbrain: DAWG
(13:51 / Allies) BMRIGHTCLICK: meet
(14:12 / Allies) BMRIGHTCLICK: get bats dude
(14:25 / Allies) BMRIGHTCLICK: getchims dudde
(15:06 / Allies) BMRIGHTCLICK: GET A SHOP
(15:26 / All) BMRIGHTCLICK: MY RETARD ALLIES DONT HAVE SHOPS YETY
(15:35 / All) alienbrain: UR THE RETARD
(15:44 / Allies) BMRIGHTCLICK: b a bit
(15:46 / Allies) BMRIGHTCLICK: im comin
(18:40 / Allies) BMRIGHTCLICK: kill hall
(18:59 / Allies) BMRIGHTCLICK: next
(19:20 / Allies) BMRIGHTCLICK: keep running gold mines
(19:47 / Allies) BMRIGHTCLICK: i got it
(19:51 / Allies) mbwalker: ty
(19:55 / Allies) mbwalker: built a shop
(19:58 / Allies) BMRIGHTCLICK: TY
(20:03 / Allies) BMRIGHTCLICK: you are alearning computer
(20:16 / Allies) mbwalker: hlp
(20:30 / Allies) BMRIGHTCLICK: DONT GO ALL IN
(20:32 / Allies) BMRIGHTCLICK: DONT ATTACK THAT
(20:33 / Allies) BMRIGHTCLICK: DONT
(20:34 / Allies) BMRIGHTCLICK: GODNOAU;EPORIAUER
(20:35 / Allies) mbwalker: b
(20:37 / Allies) mbwalker: b
(20:43 / Allies) BMRIGHTCLICK: RUN EXPANSIONS
(20:45 / Allies) BMRIGHTCLICK: GOLD MIENS
(20:57 / Allies) alienbrain: oj
(21:00 / Allies) alienbrain: whats wrong with ur brain
(21:06 / Allies) mbwalker: gogogogog
(21:22 / All) alienbrain: too ez
(21:40 / All) mbwalker: gg
(21:42 / All) BMRIGHTCLICK: AMERICA IS VICTORIOUS